 Dungeon Crawl Stone Soup version 0.20.1-1-g8b1a95d (webtiles) character file.

140 HammerPanzer the Cudgeler (level 5, -1/42 HPs)
             Began as a Demonspawn Berserker on Oct 27, 2017.
             Was a Believer of Trog.
             Slain by Grinder (6 damage)
             ... on level 3 of the Dungeon.
             The game lasted 00:07:14 (3116 turns).

HammerPanzer the Cudgeler (Demonspawn Berserker)    Turns: 3116, Time: 00:07:15

Health: -1/42      AC:  6    Str: 16    XL:     5   Next: 2%
Magic:  5/5        EV: 11    Int:  9    God:    Trog [**....]
Gold:   84         SH:  0    Dex:  8    Spells: 4/4 levels left

rFire    . . .     SeeInvis .   a - +0 mace
rCold    . . .     Gourm    .   (no shield)
rNeg     + . .     Faith    .   t - +2 leather armour {rN+}
rPois    .         Spirit   .   (helmet restricted)
rElec    .         Reflect  .   (no cloak)
rCorr    .         Harm     .   o - +0 pair of gloves
MR       .....                  (no boots)
Stlth    +.........             (no amulet)
Regen    0.2/turn               k - -2 ring of strength
MPRegen  0.1/turn               u - -4 ring of dexterity

@: berserk cooldown, slowed, very slow
A: antennae 1, powered by pain 1
a: Berserk, Trog's Hand, Burn Spellbooks, Renounce Religion


You were on level 3 of the Dungeon.
You worshipped Trog.
Trog was pleased with you.
You were not hungry.

You visited 1 branch of the dungeon, and saw 4 of its levels.

You collected 84 gold pieces.

Inventory:

Hand Weapons
 a - a +0 mace (weapon)
Missiles
 g - 11 javelins (quivered)
Armour
 m - a +0 chain mail
 o - a +0 pair of gloves (worn)
 t - a +2 leather armour of positive energy (worn)
Jewellery
 k - a -2 ring of strength (left hand)
 n - a +1 ring of protection
 u - a -4 ring of dexterity (right hand)
Wands
 s - a wand of flame (23/48)
Scrolls
 d - a scroll of enchant armour {unknown}
 h - 2 scrolls of remove curse
 j - 2 scrolls of teleportation {unknown}
 p - a scroll of magic mapping {unknown}
Potions
 b - a potion of lignification {unknown}
 e - a potion of curing {unknown}
 f - 2 potions of haste {unknown}
 i - 2 potions of flight {unknown}
 r - a potion of agility {unknown}
 v - a potion of resistance
Comestibles
 c - 2 bread rations
 l - 5 chunks of flesh
 q - a royal jelly


   Skills:
 + Level 3.8 Fighting
 * Level 4.7 Maces & Flails
 - Level 1.7 Armour
 - Level 1.7 Dodging


You had 4 spell levels left.
You didn't know any spells.

Dungeon Overview and Level Annotations

Branches:
Dungeon (4/15)
 Temple: D:4-7

Altars:

Annotations:
D:3 Grinder


Innate Abilities, Weirdness & Mutations

You have a pair of small antennae on your head.
You sometimes gain a little power by taking damage.


Message History

Press: ? - help, Shift-Dir - straight line, f - Grinder
Aim: Grinder (moderately wounded)
You throw a javelin. The javelin barely misses Grinder.
Eat one of 6 chunks of flesh? (ye/n/q)
You eat one of the 6 chunks of flesh.
This raw flesh tastes terrible.
You hit Grinder.
Grinder is heavily wounded.
Grinder gestures at you. You resist with significant effort. Grinder hits you!
* * * LOW HITPOINT WARNING * * *
You writhe in agony.
* * * LOW HITPOINT WARNING * * *
As you read the scroll labeled NOHIUTS NISO, it crumbles to dust.
You feel as if something is helping you.
It was a scroll of remove curse.
Grinder completely misses you. Grinder closely misses you.
You thump Grinder!
Grinder is severely wounded.
Grinder hits you.
You die...

.# #.#
#........[........####.### .
#.###.......#####..###........
#...'.......# ##.# #.###.###
#####.......# #..##.# #.#..
###'##### ##.##.# #.#.. #...#
.##.# #.#.. +...#
##+##+###.#..
#...########............
#(....5@...+............
#.##########............ ....
.............. ......
...#.......#.. #...... ..
##......### #...... #..###.)).
#...... ##. #.### #..5... #.#
#.# #.. #.#


You could see Grinder.

Vanquished Creatures
  Ijyb (D:3)
  4 adders (D:2)
  4 worms (D:2)
  A dart slug (D:1)
  3 leopard geckos
  4 orcs (D:3)
  2 giant cockroaches
  8 goblins
  8 hobgoblins
  5 kobolds
  A quokka (D:2)
  3 ball pythons
  5 bats
  4 frilled lizards
  5 rats
  A plant (D:1)
59 creatures vanquished.

Notes
Turn   | Place    | Note
-------+----------+-------------------------------------------
     0 | D:1      | HammerPanzer the Demonspawn Berserker began the quest for the Orb.
     0 | D:1      | Reached XP level 1. HP: 18/18 MP: 1/1
   210 | D:1      | Reached skill level 3 in Maces & Flails
   477 | D:1      | Gained mutation: You sometimes gain a little power by taking damage. [demonic ancestry]
   477 | D:1      | Reached XP level 2. HP: 24/24 MP: 2/2
  1026 | D:2      | Gained mutation: You have a pair of small antennae on your head. [demonic ancestry]
  1026 | D:2      | Reached XP level 3. HP: 29/29 MP: 3/3
  1835 | D:2      | Reached skill level 4 in Maces & Flails
  2024 | D:2      | Reached XP level 4. HP: 22/35 MP: 4/4
  2279 | D:2      | Reached ** piety under Trog
  2926 | D:3      | Noticed Ijyb
  2937 | D:3      | Killed Ijyb
  3012 | D:3      | Reached XP level 5. HP: 38/42 MP: 5/5
  3087 | D:3      | Noticed Grinder
  3096 | D:3      | Paralysed by Grinder for 6 turns
  3116 | D:3      | Slain by Grinder

Skill      XL: |  1  2  3 |
---------------+----------+-----
Maces & Flails | 3 4 |  4.7
Fighting       | |  3.8
Armour         | |  1.7
Dodging        | |  1.7

Action                   |  1- 3 |  4- 6 || total
-------------------------+-------+-------++-------
Melee: Mace              |   149 |   113 ||   262
Throw: Javelin           |       |     2 ||     2
Invok: Berserk           |       |     2 ||     2
       Burn Spellbooks   |       |     1 ||     1
  Use: Scroll            |       |     1 ||     1
  Eat: Chunk             |     4 |     5 ||     9
Armor: Animal skin       |     6 |       ||     6
       Leather armour    |    16 |     6 ||    22
       Chain mail        |    28 |    68 ||    96
Dodge: Dodged            |    92 |    39 ||   131
